 Dungeon Crawl Stone Soup version 0.31-a0-313-g785cd24033 (webtiles) character file.

Game seed: 3583270895447154070

392 Gargoyl the Chopper (level 6, -4/3 HPs)
             Began as a Gargoyle Berserker on July 17, 2023.
             Was a Believer of Trog.
             Slain by a sleepcap (7 damage)
             ... on level 5 of the Dungeon.
             The game lasted 00:04:39 (3537 turns).

Gargoyl the Chopper (Gargoyle Berserker)            Turns: 3537, Time: 00:04:40

Health: -4/3       AC: 16    Str: 20    XL:     6   Next: 81%
Magic:  6/6        EV:  8    Int:  8    God:    Trog [**....]
Gold:   350        SH:  0    Dex: 11    Spells: 5/5 levels left

rFire   . . .        j - +1 battleaxe (venom)
rCold   + . .        (shield currently unavailable)
rNeg    + + +        d - +0 chain mail
rPois   ∞            (no helmet)
rElec   +            n - +0 cloak
rCorr   .            g - +1 pair of gloves
SInv    .            (no boots)
Will    ++...        (no amulet) Stlth
                     b - ring of willpower
HPRegen 0.20/turn    (no ring)
MPRegen 0.10/turn

%: no passive effects
@: death-form
A: vile attack, torment immunity, no potions, reduced hp, sickness immunity, AC
+4, negative energy resistance 1, electricity resistance, torment resistance 1,
petrification resistance
a: Siphon Essence, Begin Untransformation, Renounce Religion, Trog's Hand


You were on level 5 of the Dungeon.
You worshipped Trog.
Trog was pleased with you.
You were an undying horror.
You visited 1 branch of the dungeon, and saw 5 of its levels.

You collected 350 gold pieces.

Inventory:

Hand Weapons
 a - a +1 hand axe
 j - a +1 battleaxe of venom (weapon)
Missiles
 r - 5 poisoned darts (quivered)
Armour
 d - a +0 chain mail (worn)
 g - a +1 pair of gloves (worn)
 n - a +0 cloak (worn)
Jewellery
 b - a ring of willpower (left hand)
Talismans
 p - a talisman of death
Wands
 k - a wand of roots (11)
 q - a wand of light (7)
Scrolls
 m - 3 scrolls of identify
Potions
 c - a potion of enlightenment
 e - 3 potions of might
 f - 3 potions of curing
 h - a potion of haste {unknown}
 i - a potion of invisibility {unknown}
 l - a potion of cancellation {unknown}
 o - a potion of ambrosia {unknown}
 s - a potion of brilliance {unknown}
 t - a potion of magic {unknown}


   Skills:
 + Level 4.7 Fighting
 + Level 5.4 Axes
 + Level 3.3 Armour
 + Level 2.2 Dodging


You had 5 spell levels left.
You didn't know any spells.
Your spell library was empty.

Dungeon Overview and Level Annotations

Branches:
Dungeon (5/15)
 Temple: D:4-7

Altars:


Innate Abilities, Weirdness & Mutations

You are an undying horror.
Your melee and unarmed attacks drain, slow and weaken victims.
You are immune to unholy pain and torment.
You cannot drink.
Your maximum health is decreased, since you lack skill for your form.
You are immune to sickness and miasma.
Your stone body is resilient. (AC +4)
You are immune to poison.
You resist negative energy. (rN+)
You are resistant to electric shocks. (rElec)
You are resistant to unholy torment.
You are immune to petrification.


Message History

The hound barely misses you. The hound bites you but does no damage.
You slash the hound!
You kill the hound!
Trog accepts your kill.
Found 8 gold pieces.
Found a stone staircase leading down.
There is an open door here.
Found a stone staircase leading up.
You now have 303 gold pieces (gained 8).
There is a stone staircase leading down here.
f - 3 potions of curing (gained 1)
t - a metallic emerald potion A hound comes into view.
The hound barks!
A hound is nearby!
The hound closely misses you. The hound bites you but does no damage.
The hound barely misses you.
You closely miss the hound.
The hound bites you but does no damage. x2
You hit the hound.
The hound decays.
The hound is poisoned.
The hound is moderately wounded.
A scorpion comes into view.
The hound bites you but does no damage. x2; The scorpion moves out of view.
Unknown command.
You slash the hound!
The hound decays.
The hound looks as sick as possible!
The hound is almost dead.
You kill the hound!
Trog accepts your kill.
Unknown command.
You see here a hound corpse.
Unknown command.
Found 4 stones.
You now have 313 gold pieces (gained 10).
You now have 326 gold pieces (gained 13).
You now have 334 gold pieces (gained 8).
You now have 350 gold pieces (gained 16).
Found an Everburning Encyclopedia.
You see here an Everburning Encyclopedia.
A sleepcap comes into view.
The sleepcap releases spores at you!
Ouch! That really hurt!
You die...

### ##≈≈##
#≈≈≈≈≈#
§..≈§.§##
........#
≈§≈.....#
#.fz### ###...#
###.# #.# ######
#.#########.....
#..:........####
######...###...#
##.###.#.....
#...#...#...#


You could see a sleepcap.

Vanquished Creatures
  3 orc priests (D:3)
  Crazy Yiuf (D:3)
  2 hounds (D:5)
  2 sleepcaps (D:4)
  An iguana (D:3)
  5 adders
  2 dart slugs (D:1)
  4 orcs (D:3)
  6 bats
  6 endoplasms
  3 giant cockroaches
  9 goblins
  9 hobgoblins
  12 jackals
  8 kobolds
  6 ball pythons
  A frilled lizard (D:2)
  8 rats
88 creatures vanquished.

Notes
Turn   | Place    | Note
-------+----------+-------------------------------------------
     0 | D:1      | Gargoyl the Gargoyle Berserker began the quest for the Orb.
     0 | D:1      | Reached XP level 1. HP: 14/14 MP: 1/1
    50 | D:1      | Reached XP level 2. HP: 17/19 MP: 2/2
    89 | D:1      | Reached skill level 3 in Axes
   270 | D:1      | Reached XP level 3. HP: 23/24 MP: 3/3
   270 | D:1      | Found a faded altar of an unknown god.
   797 | D:2      | Reached ** piety under Trog
   860 | D:2      | Reached XP level 4. HP: 29/29 MP: 4/4
  1215 | D:3      | Reached skill level 4 in Axes
  1215 | D:3      | Reached XP level 5. HP: 33/33 MP: 5/5
  1932 | D:3      | Found a runed translucent door.
  1933 | D:3      | Noticed Crazy Yiuf
  2108 | D:3      | Reached XP level 6. HP: 34/39 MP: 6/6
  2416 | D:3      | Killed Crazy Yiuf
  2417 | D:3      | Reached skill level 5 in Axes
  3348 | D:5      | Entered Level 5 of the Dungeon
  3537 | D:5      | Slain by a sleepcap

Illustrated notes

Levels and vault maps discovered:
D:1:      roderic_crop_circles_arrival_small, layout_basic,
          hellmonk_ecumenical_altar_arch_garden, grunt_decor_fettered
D:2:      layout_rooms, nrook_campfire, nicolae_elevator_lobby_plus
D:3:      cheibrodos_pilgrimage, layout_loops_corners, uniq_crazy_yiuf_cottage
D:4:      layout_basic, serial_aquarium, aquarium_bridge_square
          [aquarium_subvault_wall, aquarium_subvault_bridge,
          aquarium_subvault_balcony, aquarium_subvault_bridge],
          aquarium_bridge_square [aquarium_subvault_window,
          aquarium_subvault_balcony, aquarium_subvault_wall,
          aquarium_subvault_bridge], aquarium_window_fake, aquarium_window_1,
          aquarium_view_2e, aquarium_view_2c
D:5:      nicolae_cairo_tiling, layout_gridville, doesnt_xom_only_xom,
          minmay_temple_entry_fiery, minmay_puff

Skill      XL: |  1  2  3  4  5  6 |
---------------+-------------------+-----
Axes           | 3 4 5 |  5.4
Fighting       | 4 |  4.7
Dodging        | 2 |  2.2
Armour         | 3 |  3.3

Action                     |  1- 3 |  4- 6 || total
---------------------------+-------+-------++-------
  Melee: Hand axe          |   105 |   100 ||   205
         Punch             |     2 |       ||     2
         Battleaxe         |       |    36 ||    36
 Invoke: Berserk           |     1 |     2 ||     3
    Use: Scroll            |     2 |     9 ||    11
 Armour: Animal skin       |    17 |       ||    17
         Chain mail        |    62 |   119 ||   181
  Dodge: Dodged            |    69 |    77 ||   146
   Form: Death             |       |     1 ||     1

Table legend: (Time is in decaauts)
 A = Elapsed time spent in this place.
 B = Non-inter-level travel time spent in this place.
 C = Inter-level travel time spent in this place.
 D = Time resting spent in this place.
 E = Time spent auto-exploring this place.
 F = Levels seen in this place.
 G = Mean time per level.
                   A        B        C        D        E       F      G
               +--------+--------+--------+--------+--------+-----+--------+
         Total |   3608 |   3497 |    111 |      0 |   2634 |   5 |  721.6 |
       Dungeon |   3608 |   3497 |    111 |      0 |   2634 |   5 |  721.6 |
               +--------+--------+--------+--------+--------+-----+--------+

Top non-repeatable levels by time:
     D:3: 1288 daAuts
     D:4: 911 daAuts
     D:1: 798 daAuts
     D:2: 417 daAuts
     D:5: 192 daAuts
